 Dungeon Crawl Stone Soup version 0.31-a0-73-g838c19eb66 (webtiles) character file.

Game seed: 5170497725309003162

94 Colgate the Magician (level 5, -1/38 HPs)
             Began as a Meteoran Necromancer on May 23, 2023.
             Slain by an ufetubus (2 damage)
             ... on level 4 of the Dungeon.
             The game lasted 00:06:46 (765 turns).

Colgate the Magician (Meteoran Necromancer)          Turns: 765, Time: 00:06:46

Health: -1/38      AC:  2    Str: 16    XL:     5   Next: 17%
Magic:  10/13      EV: 17    Int: 18    God:
Gold:   81         SH:  0    Dex: 14    Spells: 6/14 levels left

rFire   . . .        h - +1 short sword (flame)
rCold   . . .        (no shield)
rNeg    . . .        a - +0 robe
rPois   .            (no helmet)
rElec   .            (no cloak)
rCorr   .            (no gloves)
SInv    .            (no boots)
Will    .....        (no amulet)
Stlth   +            f - +6 ring of strength
HPRegen 0.26/turn    g - +5 ring of evasion
MPRegen 0.13/turn

%: no passive effects
@: animating dead, glowing
A: sense surroundings 1, otherworldly, glowing, explore regen
a: no special abilities


You were on level 4 of the Dungeon.
You visited 1 branch of the dungeon, and saw 5 of its levels.

You collected 81 gold pieces.

Inventory:

Hand Weapons
 c - a +0 mace
 h - a +1 short sword of flaming (weapon)
Missiles
 e - 5 boomerangs
 i - 6 poisoned darts
Armour
 a - a +0 robe (worn)
 j - a +0 ring mail
Jewellery
 f - a +6 ring of strength (left hand)
 g - a +5 ring of evasion (right hand)
Potions
 b - a potion of magic
 d - 2 potions of mutation {unknown}


   Skills:
 + Level 0.0 Fighting
 - Level 2.4 Dodging
 - Level 1.4 Stealth
 - Level 5.2 Spellcasting
 - Level 5.0 Necromancy


You had 6 spell levels left.
You knew the following spells:

 Your Spells              Type           Power      Damage    Failure   Level
a - Necrotise             Necr           88%        1d8       1%          1
b - Vampiric Draining     Necr           22%        2d7       4%          3
c - Animate Dead          Necr           22%        N/A       17%         4

Your spell library contained the following spells:

 Spells                   Type           Power      Damage    Failure   Level
 Freeze                   Ice            16%        1d4       13%         1
 Frozen Ramparts          Ice            8%         1d2       36%         3
 Agony                    Necr           22%        N/A       43%         5
 Hailstorm                Conj/Ice       2%         3d3       45%         3


Dungeon Overview and Level Annotations

Branches:
Dungeon (5/15) Zot: 2220
 Temple: D:4-7

Altars:

Annotations:
D:5 Blork the orc, Sigmund


Innate Abilities, Weirdness & Mutations

You passively map a small area around you.
You are easily found by Zot.
You glow in the dark.
You regain HP and MP as you explore.


Message History

The centaur wields a +0 shortbow.
The centaur shoots an arrow.
The arrow completely misses you. The ufetubus misses you.
The ufetubus closely misses you.
The howler monkey hoots and howls with incredible vigour!
The centaur shoots an arrow.
The arrow hits you!
An adder comes into view.
The adder hisses angrily.
You hear a shout! x2; You hear an angry hiss.
You hear a shout! x3; You hear an angry hiss. x2
The centaur shoots an arrow.
The arrow barely misses you. The ufetubus barely misses you.
The ufetubus hits you.
You hear a shout!
The centaur shoots an arrow.
The arrow barely misses you. The ufetubus barely misses you.
The ufetubus closely misses you.
There is a stone staircase leading up here.
The centaur shoots an arrow.
The arrow hits you!
* * * LOW HITPOINT WARNING * * *
The ufetubus closely misses you. The ufetubus completely misses you.
You climb upwards.
Reactivating autopickup.
There is a stone staircase leading down here.
Casting: Necrotise (safe; 1% risk of failure)
You call upon the dead to rise.
The ufetubus completely misses you. The ufetubus hits you.
* * * LOW HITPOINT WARNING * * *
The ufetubus hits you.
* * * LOW HITPOINT WARNING * * *
The ufetubus hits you.
* * * LOW HITPOINT WARNING * * *
Casting: Animate Dead (quite dangerous; 17% risk of failure)
Aiming: Vampiric Draining (dangerous; 4% risk of failure)
Aim: an ufetubus (not susceptible)
Okay, then.
You closely miss the ufetubus. The ufetubus misses you. x2
You closely miss the ufetubus. The ufetubus closely misses you.
The ufetubus hits you but does no damage.
The ufetubus hits you.
* * * LOW HITPOINT WARNING * * *
The ufetubus hits you but does no damage.
You hit the ufetubus. You burn the ufetubus. The ufetubus hits you.
You die...

.# #.# #.# , #.#
* ### ###.#####
*
....###<#......,
...........# *
...........# ,
*.........@5# ,
....###.#†## *
#### #.#.# #.#.#
#.#.. ,,, #....
, , ......,** *
, .... , * ,


You could see an ufetubus.

Vanquished Creatures
  A hound (D:4)
  An iguana (D:5)
  2 bats (D:2)
  4 endoplasms
  4 giant cockroaches
  3 hobgoblins
  4 jackals (D:2)
  A quokka (D:1)
  3 ball pythons
  2 frilled lizards (D:2)
  5 goblins
  3 kobolds
  2 rats (D:2)
35 creatures vanquished.

Vanquished Creatures (collateral kills)
  A dart slug (D:1)
  A kobold (D:1)
2 creatures vanquished.

Grand Total: 37 creatures vanquished

Notes
Turn   | Place    | Note
-------+----------+-------------------------------------------
     0 | D:1      | Colgate the Meteoran Necromancer began the quest for the
                  | Orb.
     0 | D:1      | Reached XP level 1. HP: 14/14 MP: 5/5
    75 | D:1      | Reached XP level 2. HP: 15/20 MP: 7/7
   170 | D:1      | Reached XP level 3. HP: 12/26 MP: 4/9
   175 | D:1      | Learned a level 3 spell: Vampiric Draining
   662 | D:3      | Reached skill level 5 in Necromancy
   690 | D:4      | Reached XP level 4. HP: 33/33 MP: 1/11
   697 | D:5      | Entered Level 5 of the Dungeon
   703 | D:5      | Reached skill level 5 in Spellcasting
   703 | D:5      | Reached XP level 5. HP: 38/38 MP: 6/13
   708 | D:5      | Learned a level 4 spell: Animate Dead
   736 | D:5      | Noticed Sigmund
   755 | D:5      | Noticed a centaur
   760 | D:5      | Noticed Blork the orc
   764 | D:4      | HP: 1/38 [ufetubus (3)]
   765 | D:4      | Slain by an ufetubus

Illustrated notes

Levels and vault maps discovered:
D:1:      dpeg_arrival_line_fractal, layout_basic
D:2:      layout_loops_corners
D:3:      minmay_evil_eye, layout_loops_corners, grunt_dithmenos_smoke,
          nicolae_grassy_gnolls
D:4:      layout_basic, nicolae_hepliaklqana_hazy_memory, lemuel_round_altar,
          chequers_serial_rivers_micro_d
D:5:      layout_rooms, mainiacjoe_overflow_small_starburst, uniq_pikel,
          uniq_eustachio, uniq_blork_the_orc, uniq_sigmund

Skill      XL: |  1  2  3  4 |
---------------+-------------+-----
Spellcasting   | 3 4 5 |  5.2
Necromancy     | 5 |  5.0
Dodging        | |  2.4
Stealth        | |  1.4

Action                     |  1- 3 |  4- 6 || total
---------------------------+-------+-------++-------
  Melee: Mace              |    39 |       ||    39
         Short sword       |     4 |     9 ||    13
   Cast: Necrotise         |    43 |     4 ||    47
         Vampiric Draining |     8 |       ||     8
         Animate Dead      |       |     1 ||     1
   Stab: Sleeping          |     1 |       ||     1
 Armour: Robe              |    19 |     3 ||    22
  Dodge: Dodged            |    52 |    24 ||    76

Table legend: (Time is in decaauts)
 A = Elapsed time spent in this place.
 B = Non-inter-level travel time spent in this place.
 C = Inter-level travel time spent in this place.
 D = Time resting spent in this place.
 E = Time spent auto-exploring this place.
 F = Levels seen in this place.
 G = Mean time per level.
                   A        B        C        D        E       F      G
               +--------+--------+--------+--------+--------+-----+--------+
         Total |    778 |    778 |      0 |      0 |      6 |   5 |  155.6 |
       Dungeon |    778 |    778 |      0 |      0 |      6 |   5 |  155.6 |
               +--------+--------+--------+--------+--------+-----+--------+

Top non-repeatable levels by time:
     D:2: 366 daAuts
     D:1: 183 daAuts
     D:3: 142 daAuts
     D:5: 63 daAuts
     D:4: 23 daAuts
